 Dungeon Crawl Stone Soup version 0.27-a0-1158-gaa87e14f67 (webtiles) character file.

Game seed: 16609601094037624791

1364 tognito the Basher (level 8, -9/62 (64) HPs)
             Began as a Minotaur Berserker on May 15, 2021.
             Was an Elder of Trog.
             Succumbed to a gnoll's poison
             ... on level 6 of the Dungeon.
             The game lasted 00:11:23 (5964 turns).

tognito the Basher (Minotaur Berserker)             Turns: 5964, Time: 00:11:24

HP:   -9/62 (64)    AC: 14    Str: 26    XL:     8   Next: 38%
MP:   0/7           EV:  7    Int:  4    God:    Trog [****..]
Gold: 303           SH:  0    Dex: 11    Spells: 7/7 levels left

rFire    . . .     SeeInvis +   a - +0 war axe
rCold    . . .     Faith    .   (no shield)
rNeg     . . .     Spirit   +   u - +0 plate armour
rPois    .         Reflect  .   k - +0 hat
rElec    .         Harm     .   (no cloak)
rCorr    .         Rampage  .   s - +2 pair of gloves {Str+3}
Will     .....                  (no boots)
Stlth    ..........             i - amulet of guardian spirit
HPRegen  0.20/turn              d - ring of see invisible
MPRegen  0.10/turn              (no ring)

@: lethally poisoned (-9 -> -45), on berserk cooldown, flying, slowed, lightly
drained, very slow
A: horns 2, retaliatory headbutt
a: Renounce Religion, Berserk, Trog's Hand, Brothers in Arms


You were on level 6 of the Dungeon.
You worshipped Trog.
Trog was greatly pleased with you.
You visited 1 branch of the dungeon, and saw 6 of its levels.
You also visited: Ossuary.

You collected 303 gold pieces.

Inventory:

Hand Weapons
 a - a +0 war axe (weapon)
Missiles
 r - 2 boomerangs (quivered)
Armour
 k - a +0 hat (worn)
 s - a +2 pair of gloves of strength (worn)
 u - a +0 plate armour (worn)
Jewellery
 d - a ring of see invisible (left hand)
 i - an amulet of guardian spirit (around neck)
Wands
 m - a wand of mindburst (15)
Scrolls
 b - 6 scrolls of identify {unknown}
 c - 3 scrolls of enchant weapon {unknown}
 e - a scroll of magic mapping {unknown}
 f - a scroll of fear {unknown}
 g - 3 scrolls of fog {unknown}
 l - 5 scrolls of teleportation {unknown}
 n - a scroll of torment {unknown}
 o - 2 scrolls of amnesia {unknown}
 v - 3 scrolls of enchant armour {unknown}
Potions
 h - 2 potions of heal wounds
 p - 3 potions of might


   Skills:
 - Level 3.6 Fighting
 + Level 0.6(1.0) Short Blades
 + Level 1.1(1.3) Long Blades
 - Level 3.6(7.4) Axes
 * Level 10.2(10.4) Maces & Flails
 + Level 0.6(6.4) Staves
 + Level 1.0(3.2) Slings
 + Level 0.5 Bows
 + Level 0.7 Crossbows
 + Level 4.4(4.5) Throwing
 - Level 2.4 Armour
 - Level 2.1 Dodging
 + Level 0.9 Shields
 + Level 0.4 Invocations
 + Level 0.2 Evocations


You had 7 spell levels left.
You didn't know any spells.
Your spell library was empty.

Dungeon Overview and Level Annotations

Branches:
Dungeon (6/15)            Ossuary (visited)
 Temple: D:4-7

Altars:
Sif Muna
Trog

Shops:
D:1 ?:(=*


Innate Abilities, Weirdness & Mutations

You have a pair of horns on your head.
You reflexively headbutt those who attack you in melee.


Message History

There is a lethal amount of poison in your body!
There is a lethal amount of poison in your body!
There is a lethal amount of poison in your body!
There is a lethal amount of poison in your body!
You feel a strong urge to attack something.
* * * LOW HITPOINT WARNING * * *
You feel very sick. The gnoll hits you but does no damage.
You are more poisoned.
* * * LOW HITPOINT WARNING * * *
You feel very sick.
The gnoll shouts!
You feel your anger nearly subside.
You are no longer berserk.
You are exhausted.
You feel yourself slow down.
* * * LOW HITPOINT WARNING * * *
You feel very sick.
Okay, then.
You feel much better.
You feel extremely sick. The gnoll completely misses you.
The gnoll hits you but does no damage.
You are more poisoned.
It was a potion of flight.
You feel very buoyant.
You fly up into the air.
You feel extremely sick.
The gnoll hits you with a +1 whip of venom.
* * * LOW HITPOINT WARNING * * *
You are lethally poisoned!
The gnoll hits you but does no damage.
The gnoll refuses to make way for you. (Use ctrl+direction or * direction to attack.)
The gnoll refuses to make way for you. (Use ctrl+direction or * direction to attack.)
There is a lethal amount of poison in your body!
There is a lethal amount of poison in your body!
* * * LOW HITPOINT WARNING * * *
You feel extremely sick.
The gnoll hits you with a +1 whip of venom!
* * * LOW HITPOINT WARNING * * *
You are more poisoned.
You die...

.................##
#.......##.........#
#.................##
.......###......###
......##.....### #.
####.##..##.####
...#[............###
....(.....##.......#
....(..(.)..@.......#
..(...).).g...##..###
#....(..)†....# ###
#..........?..#
......#.......#
....#.........#
....#........## #..
###......# #......#


You could see a neutral gnoll (fast, strong, insane).

Vanquished Creatures
  Sigmund (D:2)
  A sky beast (D:5)
  A necrophage (D:4)
  3 ogres
  Blork the orc (D:5)
  A scorpion (D:5)
  2 water moccasin skeletons (D:5)
  3 orc priests
  A hound (D:6)
  A bullfrog skeleton (D:5)
  3 human zombies (Ossuary)
  An orc wizard (D:3)
  4 mummies (Ossuary)
  Robin (D:2)
  A howler monkey skeleton (D:5)
  2 gnolls
  6 adders
  A white imp (D:3)
  2 adder zombies (Ossuary)
  2 worms (D:2)
  A dart slug (D:3)
  6 orcs
  2 ball pythons
  4 endoplasms
  3 giant cockroaches (D:4)
  A gnoll zombie (Ossuary)
  12 goblins
  8 hobgoblins
  A quokka (D:5)
  5 bats
  3 frilled lizards
  A goblin zombie (Ossuary)
  2 hobgoblin zombies (Ossuary)
  A jackal zombie (Ossuary)
  12 kobolds
  2 orc zombies (Ossuary)
  4 rats (D:1)
106 creatures vanquished.

Vanquished Creatures (collateral kills)
  A gnoll sergeant (D:6)
  3 gnolls (D:6)
  3 orcs
7 creatures vanquished.

Grand Total: 113 creatures vanquished

Notes
Turn   | Place    | Note
-------+----------+-------------------------------------------
     0 | D:1      | tognito the Minotaur Berserker began the quest for the Orb.
     0 | D:1      | Reached XP level 1. HP: 19/19 MP: 0/0
    15 | D:1      | Found Ryup's General Store.
    40 | D:1      | Found Gaenuch's Jewellery Boutique.
    48 | D:1      | Found a faded altar of an unknown god.
    65 | D:1      | Reached skill level 1 in Maces & Flails
   116 | D:1      | Found Niaf's Antique Weapon Shoppe.
   141 | D:1      | Reached XP level 2. HP: 21/26 MP: 1/1
   143 | D:1      | Reached skill level 2 in Maces & Flails
   451 | D:1      | Found Veopatuz's Book Shop.
   463 | D:1      | Found Zul Pus's Magic Scroll Shoppe.
   946 | D:2      | Reached XP level 3. HP: 12/31 MP: 2/2
  1176 | D:2      | Reached skill level 3 in Maces & Flails
  1302 | D:2      | Reached ** piety under Trog
  1388 | D:2      | Noticed Robin
  1409 | D:2      | Killed Robin
  1860 | D:2      | Noticed Sigmund
  1867 | D:2      | Killed Sigmund
  1868 | D:2      | Reached skill level 1 in Long Blades
  1868 | D:2      | Reached skill level 5 in Maces & Flails
  1868 | D:2      | Reached XP level 4. HP: 39/39 MP: 3/3
  1868 | D:2      | Reached XP level 5. HP: 45/45 MP: 4/4
  2276 | D:3      | Reached skill level 6 in Maces & Flails
  2276 | D:3      | Reached XP level 6. HP: 18/51 MP: 5/5
  2286 | D:3      | Reached skill level 1 in Slings
  2821 | D:3      | Found a shimmering blue altar of Sif Muna.
  2828 | D:3      | Identified Sif Muna's Reference Book on Enchantment
  2997 | D:3      | Found a bloodstained altar of Trog.
  3302 | D:4      | Reached *** piety under Trog
  3303 | D:4      | Reached skill level 7 in Maces & Flails
  3303 | D:4      | Reached skill level 1 in Throwing
  4139 | D:4      | Reached XP level 7. HP: 54/57 MP: 4/6
  4305 | D:5      | Entered Level 5 of the Dungeon
  4327 | D:5      | Reached skill level 8 in Maces & Flails
  4423 | D:5      | Noticed Blork the orc
  4459 | D:5      | Killed Blork the orc
  4900 | D:5      | Reached skill level 9 in Maces & Flails
  4940 | D:5      | Reached XP level 8. HP: 31/64 MP: 3/7
  5513 | D:6      | Found a sand-covered staircase.
  5536 | Ossuary  | Entered an ossuary
  5554 | Ossuary  | Reached **** piety under Trog
  5783 | Ossuary  | Reached skill level 10 in Maces & Flails
  5963 | D:6      | HP: 1/62 [gnoll/+1 whip of venom (6)]
  5964 | D:6      | Succumbed to a gnoll's poison

Illustrated notes

Levels and vault maps discovered:
D:1:      dpeg_arrival_rooms_b, layout_loops_ring, serial_shops,
          nicolae_shop_behind_doors, shop_statue, nicolae_shop_crystal,
          nicolae_shop_stone, shop, hellmonk_ecumenical_altar_crossroads,
          st_stairs_14
D:2:      layout_loops_ring, minmay_hedge_maze, uniq_sigmund, uniq_robin
D:3:      layout_loops_ring, nzn_overflow_gifts_of_might_and_magic
D:4:      layout_loops_ring, serial_glass, glass_columns_b, glass_columns_b
D:5:      layout_basic, uniq_blork_the_orc
D:6:      layout_cave_pools, nicolae_ossuary_entry_false_entrances,
          grunt_ministairs_6, uniq_eustachio

Skill      XL: |  1  2  3  4  5  6  7  8 |
---------------+-------------------------+-----
Maces & Flails | 1 2 5 6 7 9 10 | 10.2
Long Blades    | 1 |  1.1
Slings         | 1 |  1.0
Throwing       | 1 3 4 |  4.4
Fighting       | |  3.6
Short Blades   | |  0.6
Axes           | |  3.6
Staves         | |  0.6
Bows           | |  0.5
Crossbows      | |  0.7
Armour         | |  2.4
Dodging        | |  2.1
Shields        | |  0.9
Invocations    | |  0.4
Evocations     | |  0.2

Action                   |  1- 3 |  4- 6 |  7- 9 || total
-------------------------+-------+-------+-------++-------
Melee: Hand axe          |   104 |    68 |     2 ||   174
       Headbutt          |     7 |     8 |    25 ||    40
       War axe           |       |       |    82 ||    82
Throw: Dart              |       |     7 |    24 ||    31
       Boomerang         |       |       |     2 ||     2
Invok: Berserk           |     3 |     3 |     3 ||     9
       Trog's Hand       |       |       |     1 ||     1
  Use: Potion            |       |     4 |     2 ||     6
 Stab: Invisible         |       |       |     1 ||     1
Armor: Animal skin       |     2 |       |       ||     2
       Ring mail         |    30 |     8 |       ||    38
       Chain mail        |       |    10 |     1 ||    11
       Scale mail        |       |     1 |       ||     1
       Plate armour      |       |       |    69 ||    69
Dodge: Dodged            |    43 |    33 |    46 ||   122

Table legend: (Time is in decaauts)
 A = Elapsed time spent in this place.
 B = Non-inter-level travel time spent in this place.
 C = Inter-level travel time spent in this place.
 D = Time resting spent in this place.
 E = Time spent auto-exploring this place.
 F = Levels seen in this place.
 G = Mean time per level.
                   A        B        C        D        E       F      G
               +--------+--------+--------+--------+--------+-----+--------+
         Total |   6049 |   5904 |    145 |      0 |   5033 |   7 |  864.1 |
       Dungeon |   5733 |   5588 |    145 |      0 |   4786 |   6 |  955.5 |
       Ossuary |    316 |    316 |      0 |      0 |    247 |   1 |  316.0 |
               +--------+--------+--------+--------+--------+-----+--------+

Top non-repeatable levels by time:
     D:2: 1304 daAuts
     D:5: 1212 daAuts
     D:3: 1154 daAuts
     D:4: 1069 daAuts
     D:1: 842 daAuts
 Ossuary: 316 daAuts
     D:6: 150 daAuts
